 Dungeon Crawl Stone Soup version 0.15-a0-1828-g04ddf54 (webtiles) character file.

2522 Moloch the Gouger (level 9, 0/55 HPs)
             Began as a Felid Berserker on July 2, 2014.
             Was a High Priest of Trog.
             Succumbed to a water moccasin's poison
             ... on Level 8 of the Dungeon.
             The game lasted 01:44:11 (8337 turns).

Moloch the Gouger (Felid Berserker)                 Turns: 8337, Time: 01:44:11

HP   0/55        AC  2     Str 18      XL: 9   Next: 29%
MP  15/15        EV 19     Int  9      God: Trog [*****.]
Gold 405         SH  0     Dex 18      Spells:  0 memorised,  8 levels left
Lives: 0, deaths: 2

rFire  . . .     SeeInvis +       - Unarmed
rCold  . . .     Clarity  .     (armour unavailable)
rNeg   . . .     rCorr    .     (shield unavailable)
rPois  .         rRot     .     (helmet unavailable)
rElec  .         Spirit   .     (cloak unavailable)
SustAb .         Warding  .     (gloves unavailable)
rMut   .         Stasis   .     (boots unavailable)
Gourm  .                        (no amulet)
MR     +....                    (no ring)
                                t - ring of teleport control

@: berserking (expiring), lethally poisoned, very quick, somewhat resistant to
hostile enchantments, extremely unstealthy
A: paw claws, no armour, no weapons or thrown items, fangs 3, see invisible,
carnivore 3, speed 1, shaggy fur 2, slow metabolism 1, jump 2
a: Jump Attack, Burn Spellbooks, Berserk, Trog's Hand, Brothers in Arms,
Renounce Religion, Evoke Teleport Control


You were on level 8 of the Dungeon.
You worshipped Trog.
Trog was extremely pleased with you.
You were not hungry.

You visited 1 branch of the dungeon, and saw 8 of its levels.

You collected 405 gold pieces.

Inventory:

Magical devices
 a - a wand of random effects (10)
 f - a wand of magic darts (15)
 q - a wand of magic darts (11)
Comestibles
 c - 4 meat rations
 m - 2 beef jerkies
Scrolls
 g - 3 scrolls of identify
 i - 2 scrolls of remove curse
 k - 4 scrolls of teleportation
 s - 2 scrolls of magic mapping
Jewellery
 t - a ring of teleport control (left paw)
Potions
 b - a potion of heal wounds {unknown}
 d - a potion of haste {unknown}
 e - a potion of mutation {unknown}
 h - a potion of flight {unknown}
 j - 4 potions of poison {unknown}
 l - 2 potions of brilliance {unknown}
 n - 5 potions of magic {unknown}
 o - 2 potions of resistance {unknown}
 p - a potion of agility {unknown}
 r - a potion of invisibility {unknown}


   Skills:
 - Level 3.0 Fighting
 - Level 4.0 Dodging
 + Level 13.8 Unarmed Combat


You had 8 spell levels left.
You didn't know any spells.

Dungeon Overview and Level Annotations

Branches:
Dungeon (8/15)             Temple (0/1) D:4
   Lair: D:8-11

Altars:
Dithmenos
Elyvilon
Gozag
Okawaru
Sif Muna
Trog
Vehumet
Yredelemnul

Shops:
D:4 %=*   D:5 :   D:8 =

Annotations:
D:4 exclusion: statue


Innate Abilities, Weirdness & Mutations

You cannot wear armour.
You are incapable of wielding weapons or throwing items.
Your paws have sharp claws.
You have razor-sharp teeth.
You have supernaturally acute eyesight.
You are carnivorous and can eat meat at any time.
You cover ground quickly.
You are covered in thick fur (AC +2).
You have a slow metabolism.
You can jump attack at a medium distance.


Message History

You miss the water moccasin.
The water moccasin is almost dead.
* * * LOW HITPOINT WARNING * * *
You feel sick. The giant gecko closely misses you.
The water moccasin completely misses you.
You miss the water moccasin. Your punch misses the water moccasin.
You bite the water moccasin.
You kill the water moccasin!
Trog accepts your kill.
* * * LOW HITPOINT WARNING * * *
You feel sick. The giant gecko completely misses you.
You mangle the giant gecko!!
You kill the giant gecko!
Trog accepts your kill.
* * * LOW HITPOINT WARNING * * *
You feel sick.
* * * LOW HITPOINT WARNING * * *
You feel sick.
You feel a strong urge to attack something.
You die...

..#.##.....## #.... ###.###...##
###.[.>
..#...##'#######+#######+##<...#.
#.#.#.......................#.##.
#<..#............................
##..#........................##..
....####'#######'#######+##......
...####...## ##...## ##.....
######.....###..@..# ##...#
#.......#.......# #...#
#.......#.......# #..)#
#.......#...$...# #....
##.....###.....## ##### ##...##
##...## ##### #####


There were no monsters in sight!

Vanquished Creatures
  A hydra (D:6)
  Pikel (D:6)
  An ugly thing (D:6)
  A hippogriff (D:8)
  A water moccasin (D:8)
  2 ice beasts
  2 sky beasts (D:6)
  An orc warrior (D:7)
  3 ogres
  2 slaves (D:6)
  A centaur (D:5)
  3 jellies
  A big kobold (D:8)
  2 giant frogs (D:6)
  A scorpion (D:6)
  3 killer bees (D:7)
  2 crimson imps
  A hound (D:6)
  3 iguanas
  An orc wizard (D:6)
  6 worker ants
  Ijyb (D:2)
  A hound zombie (D:6)
  A worker ant zombie (D:6)
  13 adders
  A shadow imp (D:6)
  A giant mite (D:5)
  3 worms
  4 giant geckos
  An ooze (D:2)
  12 orcs
  5 ball pythons
  14 bats
  11 goblins
  14 hobgoblins
  10 jackals
  5 quokkas
  6 giant cockroaches
  3 giant newts
  14 kobolds
  2 kobold skeletons (D:6)
  7 rats
168 creatures vanquished.

Vanquished Creatures (others)
  A slave (D:6)
  A centaur (D:6)
  2 jellies (D:6)
  A killer bee zombie (D:6)
  A goblin (D:6)
  3 jackals (D:6)
  A quokka (D:6)
  A kobold (D:6)
11 creatures vanquished.

Grand Total: 179 creatures vanquished

Notes
Turn   | Place    | Note
--------------------------------------------------------------
     0 | D:1      | Moloch, the Felid Berserker, began the quest for the Orb.
     0 | D:1      | Reached XP level 1. HP: 10/10 MP: 2/2
    76 | D:1      | Reached XP level 2. HP: 14/14 MP: 3/3
   798 | D:2      | Acquired Trog's second power
   798 | D:2      | Reached XP level 3. HP: 17/17 MP: 5/5
  1001 | D:2      | Reached XP level 4. HP: 21/21 MP: 7/7
  1030 | D:2      | Reached skill level 5 in Unarmed Combat
  1099 | D:2      | Noticed Ijyb
  1108 | D:2      | Killed Ijyb
  1493 | D:3      | Found a deep blue altar of Sif Muna.
  1502 | D:3      | Found an opulent altar of Gozag.
  1675 | D:3      | Reached XP level 5. HP: 14/24 MP: 8/8
  2052 | D:3      | Found a shadowy altar of Dithmenos.
  2592 | D:4      | Found Xoulaaxo's General Store.
  2711 | D:4      | Reached skill level 6 in Unarmed Combat
  2725 | D:4      | Found Fuamm's Food Emporium.
  2775 | D:4      | Found a staircase to the Ecumenical Temple.
  2832 | D:4      | Found a white marble altar of Elyvilon.
  3004 | D:4      | Found Poisenel's Jewellery Shoppe.
  3088 | D:4      | Found a radiant altar of Vehumet.
  3635 | D:5      | Entered Level 5 of the Dungeon
  3767 | D:5      | Gained mutation: You are covered in thick fur (AC +2). [growing up]
  3767 | D:5      | Gained mutation: You can jump attack at a medium distance. [growing up]
  3767 | D:5      | Reached XP level 6. HP: 26/28 MP: 10/10
  3975 | D:5      | Acquired Trog's third power
  4042 | D:5      | Noticed a centaur
  4060 | D:5      | Killed a centaur
  4060 | D:5      | Reached skill level 7 in Unarmed Combat
  4390 | D:5      | Found Frou's Book Shop.
  5017 | D:6      | Noticed Pikel
  5032 | D:6      | Killed Pikel
  5032 | D:6      | Reached skill level 9 in Unarmed Combat
  5032 | D:6      | Reached XP level 7. HP: 13/31 MP: 12/12
  5258 | D:6      | Noticed a four-headed hydra
  5266 | D:6      | Reached XP level 8. HP: 23/34 MP: 13/13
  5269 | D:6      | Noticed a green ugly thing
  5286 | D:6      | Reached skill level 10 in Unarmed Combat
  5291 | D:6      | Slain by a four-headed hydra
  5292 | D:6      | Reached XP level 7. HP: -4/46 MP: 12/12
  5373 | D:6      | Killed a green ugly thing
  5630 | D:6      | Splashed by a jelly's acid
  5631 | D:6      | Reached XP level 6. HP: -3/28 MP: 10/10
  5717 | D:6      | Found a bloodstained altar of Trog.
  6021 | D:6      | Reached skill level 11 in Unarmed Combat
  6021 | D:6      | Reached XP level 7. HP: 28/31 MP: 12/12
  6139 | D:6      | Killed a four-headed hydra
  6139 | D:6      | Reached skill level 12 in Unarmed Combat
  6139 | D:6      | Reached XP level 8. HP: 34/34 MP: 13/13
  7111 | D:7      | Reached skill level 13 in Unarmed Combat
  7247 | D:7      | Reached XP level 9. HP: 28/37 MP: 15/15
  7650 | D:8      | Found a basalt altar of Yredelemnul.
  7878 | D:8      | Found Ugaidgh's Jewellery Boutique.
  8173 | D:8      | Found an iron altar of Okawaru.
  8335 | D:8      | HP: 2/55 [poisoned by a water moccasin]
  8337 | D:8      | Succumbed to a water moccasin's poison

Action                   |  1- 3 |  4- 6 |  7- 9 || total
-------------------------+-------+-------+-------++-------
Melee: Unarmed           |    80 |   201 |   203 ||   484
Invok: Trog's Hand       |     1 |       |     1 ||     2
       Berserk           |       |     1 |    15 ||    16
       Burn Spellbooks   |       |       |     1 ||     1
 Abil: Jump Attack       |     5 |     8 |     2 ||    15
Evoke: Wand              |       |    10 |    10 ||    20
  Use: Scroll            |     3 |     3 |    11 ||    17
       Potion            |       |     2 |     4 ||     6
 Stab: Sleeping          |       |     1 |     1 ||     2
       Distracted        |       |       |     1 ||     1
